 Dungeon Crawl Stone Soup version 0.28-a0-1555-g9ae15a6949 (webtiles) character file.

Game seed: 16843788257938940108

73 sbbq2022 the Shield-Bearer (level 4, -4/24 HPs)
             Began as a Vine Stalker Fighter on Jan 19, 2022.
             Killed from afar by Ijyb (23 damage)
             ... with a bolt of acid
             ... on level 3 of the Dungeon.
             The game lasted 00:01:30 (1547 turns).

sbbq2022 the Shield-Bearer (Vine Stalker Fighter)   Turns: 1547, Time: 00:01:30

Health: -4/24      AC:  6    Str: 19    XL:     4   Next: 27%
Magic:  0/5        EV:  9    Int: 10    God:
Gold:   102        SH:  9    Dex: 13    Spells: 3/3 levels left

rFire   . . .      SeeInvis .   a - +0 rapier
rCold   . . .      Faith    .   c - +0 buckler
rNeg    . . .      Spirit   +   b - +0 scale mail
rPois   .          Reflect  +   (no helmet)
rElec   .          Harm     .   (no cloak)
rCorr   .          Rampage  .   (no gloves)
Will    .....                   (no boots)
Stlth   ..........              l - amulet of reflection
HPRegen 0.88/turn               (no ring)
MPRegen 0.09/turn               (no ring)

@: mighty
A: fangs 2, regeneration 1, magic shield, antimagic bite, no potion heal 2
a: no special abilities


You were on level 3 of the Dungeon.
You visited 1 branch of the dungeon, and saw 3 of its levels.

You collected 102 gold pieces.

Inventory:

Hand Weapons
 a - a +0 rapier (weapon)
Missiles
 j - a throwing net (quivered)
Armour
 b - a +0 scale mail (worn)
 c - a +0 buckler (worn)
Jewellery
 i - an amulet of regeneration
 l - an amulet of reflection (around neck)
Scrolls
 e - a scroll of fog {unknown}
 f - a scroll of enchant armour {unknown}
 g - a scroll of holy word {unknown}
 k - 3 scrolls of identify {unknown}
 m - 2 scrolls of blinking {unknown}
 n - 2 scrolls of magic mapping {unknown}
 q - a scroll of torment {unknown}
Potions
 h - a potion of curing {unknown}
 o - a potion of degeneration {unknown}
 p - a potion of brilliance {unknown}


   Skills:
 + Level 3.0 Fighting
 * Level 2.6 Short Blades
 + Level 2.9 Armour
 + Level 0.8 Dodging
 + Level 3.1 Shields


You had 3 spell levels left.
You didn't know any spells.
Your spell library contained the following spells:

 Spells                   Type           Power      Damage    Failure   Level
 Sandblast                Erth           0%         2d4       83%         1
 Passwall                 Tmut/Erth      0%         N/A       92%         2
 Stone Arrow              Conj/Erth      0%         3d7       99%         3


Dungeon Overview and Level Annotations

Branches:
Dungeon (3/15)

Altars:
Zin

Annotations:
D:3 Ijyb


Innate Abilities, Weirdness & Mutations

You have extremely sharp teeth.
Your natural rate of healing is unusually fast.
When hurt, damage is shared between your health and your magic reserves.
Your bite disrupts and absorbs the magic of your enemies.
Potions cannot restore your health.


Message History

A ball python is nearby!
You barely miss the ball python. Your bite misses the ball python.
The ball python bites you but does no damage.
The ball python grabs you. The ball python constricts you.
You block the ball python's attack. The ball python constricts you.
You hit the ball python.
You kill the ball python!
Found a stone staircase leading down.
No target in view!
You now have 102 gold pieces (gained 17).
Ijyb the Twisted Goblin comes into view.
She is wielding a +0 dagger and carrying a wand of acid (6).
Ijyb shouts!
A frilled lizard comes into view.
The frilled lizard hisses angrily.
There are monsters nearby!
There are monsters nearby!
Ijyb hits you but does no damage.
You barely miss Ijyb. Your bite misses Ijyb. Ijyb hits you with a +0 dagger.
You closely miss Ijyb. Your bite misses Ijyb. Ijyb hits you with a +0 dagger.
You block the frilled lizard's attack.
Unknown command.
Press: ? - help, v - describe, . - travel
Here: Ijyb, wielding a +0 dagger, wearing a +0 leather armour and carrying a wand of acid (6)
The floor.
Unknown command.
You feel very mighty all of a sudden. Ijyb barely misses you.
The frilled lizard bites you.
You closely miss Ijyb. Your bite misses Ijyb. You block Ijyb's attack.
The frilled lizard hisses.
You block the frilled lizard's attack.
You closely miss Ijyb. Your bite misses Ijyb. Ijyb hits you but does no damage.
The frilled lizard bites you.
You hit Ijyb.
Ijyb is lightly wounded.
Ijyb hits you with a +0 dagger. The frilled lizard barely misses you.
You closely miss Ijyb. Your bite misses Ijyb.
Ijyb is lightly wounded.
Ijyb zaps a wand.
The bolt of acid hits you!!
Ouch! That really hurt!
You die...

########.##########........#
#.# #........# #)#
#........# #####.####
########## #........#
#........# #........#######
###............#
......l@......#
........g......#
................#
.............>..#
..............#
..............#
..##.########## .. ..


You could see Ijyb and a frilled lizard.

Vanquished Creatures
  2 adders (D:2)
  A worm (D:2)
  A dart slug (D:1)
  3 bats
  5 endoplasms
  A giant cockroach (D:1)
  4 goblins
  A hobgoblin (D:2)
  4 kobolds
  5 quokkas
  11 ball pythons
  4 frilled lizards
  4 rats
46 creatures vanquished.

Notes
Turn   | Place    | Note
-------+----------+-------------------------------------------
     0 | D:1      | sbbq2022 the Vine Stalker Fighter began the quest for the
                  | Orb.
     0 | D:1      | Reached XP level 1. HP: 11/11 MP: 2/2
   199 | D:1      | Reached XP level 2. HP: 13/16 MP: 3/3
   652 | D:1      | Found a faded altar of an unknown god.
   652 | D:1      | Noticed a blizzard demon
   717 | D:2      | Reached XP level 3. HP: 18/19 MP: 1/4
  1069 | D:2      | Gained mutation: Your natural rate of healing is unusually
                  | fast. [Vine Stalker growth]
  1069 | D:2      | Reached XP level 4. HP: 22/24 MP: 5/5
  1118 | D:2      | Found a glowing silver altar of Zin.
  1537 | D:3      | Noticed Ijyb
  1547 | D:3      | Killed from afar by Ijyb

Illustrated notes

Levels and vault maps discovered:
D:1:      wander_arrival_chamber, layout_basic,
          dreamdust_ecumenical_altar_sealed_demon
D:2:      layout_basic, basic_altar, minmay_quadrilaterals
D:3:      layout_basic, uniq_ijyb

Skill      XL: |  1  2  3 |
---------------+----------+-----
Short Blades   | 2 |  2.6
Shields        | 3 |  3.1
Fighting       | 3 |  3.0
Armour         | |  2.9
Dodging        | |  0.8

Action                   |  1- 3 |  4- 6 || total
-------------------------+-------+-------++-------
Melee: Rapier            |    83 |    37 ||   120
       Bite              |    14 |     3 ||    17
  Use: Potion            |       |     1 ||     1
Armor: Scale mail        |    35 |    21 ||    56
Dodge: Dodged            |    32 |    18 ||    50
Block: Buckler           |    15 |    13 ||    28
       Reflection        |       |     1 ||     1

Table legend: (Time is in decaauts)
 A = Elapsed time spent in this place.
 B = Non-inter-level travel time spent in this place.
 C = Inter-level travel time spent in this place.
 D = Time resting spent in this place.
 E = Time spent auto-exploring this place.
 F = Levels seen in this place.
 G = Mean time per level.
                   A        B        C        D        E       F      G
               +--------+--------+--------+--------+--------+-----+--------+
         Total |   1560 |   1528 |     32 |      0 |   1228 |   3 |  520.0 |
       Dungeon |   1560 |   1528 |     32 |      0 |   1228 |   3 |  520.0 |
               +--------+--------+--------+--------+--------+-----+--------+

Top non-repeatable levels by time:
     D:2: 733 daAuts
     D:1: 675 daAuts
     D:3: 151 daAuts
